 Dungeon Crawl Stone Soup version 0.29-a0-555-g3b24f45cc1 (webtiles) character file.

Game seed: 14943539425124366533

17 croobank the Covert (level 2, -6/29 HPs)
             Began as a Gnoll Delver on June 8, 2022.
             Killed from afar by an orc wizard (8 damage)
             ... with a puff of flame
             ... on level 3 of the Dungeon.
             The game lasted 00:03:10 (394 turns).

croobank the Covert (Gnoll Delver)                   Turns: 394, Time: 00:03:10

Health: -6/29      AC:  7    Str: 11    XL:     2   Next: 62%
Magic:  2/2        EV: 13    Int:  9    God:
Gold:   0          SH:  0    Dex: 13    Spells: 2/2 levels left

rFire   . . .      SeeInvis .   a - +0 hand axe
rCold   . . .      Faith    .   (no shield)
rNeg    . . .      Spirit   .   b - +0 leather armour
rPois   .          Reflect  .   (no helmet)
rElec   .          Harm     .   (no cloak)
rCorr   .          Rampage  .   (no gloves)
Will    +....                   (no boots)
Stlth   +.........              (no amulet)
HPRegen 0.09/turn               (no ring)
MPRegen 0.08/turn               (no ring)

@: confused, hasted, very quick
A: fangs 1, strong nose, distributed training, iridescent scales 2,
strong-willed 1, wild magic 1
a: no special abilities


You were on level 3 of the Dungeon.
You visited 1 branch of the dungeon, and saw 3 of its levels.

Inventory:

Hand Weapons
 a - a +0 hand axe (weapon)
 e - a +0 dagger
 h - a +0 whip
Missiles
 j - 8 poisoned darts (quivered)
Armour
 b - a +0 leather armour (worn)
Jewellery
 d - a +6 ring of intelligence
Wands
 g - a wand of digging (2)
Scrolls
 c - a scroll of fog


   Skills:
 + Level 6.5 Fighting
 + Level 0.5 Short Blades
 + Level 0.5 Long Blades
 + Level 4.5 Axes
 + Level 0.5 Maces & Flails
 + Level 0.5 Polearms
 + Level 0.5 Staves
 + Level 0.5 Slings
 + Level 0.5 Bows
 + Level 0.5 Crossbows
 + Level 0.5 Throwing
 + Level 0.5 Armour
 + Level 4.5 Dodging
 + Level 9.5 Stealth
 + Level 0.5 Shields
 + Level 0.5 Unarmed Combat
 + Level 0.5 Spellcasting
 + Level 0.3 Conjurations
 + Level 0.3 Hexes
 + Level 0.3 Summonings
 + Level 0.3 Necromancy
 + Level 0.3 Translocations
 + Level 0.3 Transmutations
 + Level 0.3 Fire Magic
 + Level 0.3 Ice Magic
 + Level 0.3 Air Magic
 + Level 0.3 Earth Magic
 + Level 0.3 Poison Magic
 + Level 0.6 Invocations
 + Level 0.5 Evocations


You had 2 spell levels left.
You didn't know any spells.
Your spell library was empty.

Dungeon Overview and Level Annotations

Branches:
Dungeon (5/15)             Temple (0/1) D:4

Altars:

Shops:
D:4 *


Innate Abilities, Weirdness & Mutations

You have very sharp teeth.
Your uncanny sense of smell can sniff out nearby items.
Your experience applies equally to all skills.
You are mostly covered in iridescent scales. (AC +4)
You are strong-willed. (Will+)
Your spells are a little harder to cast, but a little more powerful.


Message History

A magic dart appears from out of thin air!
The magic dart hits you. Something barely misses you.
You miss something. Something hits you.
You closely miss something.
You hear some strange, mumbled words.
You are more confused.
You barely miss something.
You hear some strange, mumbled words.
A puff of flame appears from out of thin air!
The puff of flame misses you.
You barely miss something. Something hits you.
You start resting.
Something hits you.
You start resting.
Something hits you.
You are too confused!
It was a potion of mutation.
You feel extremely strange.
You feel strong-willed.
Iridescent scales grow over part of your body.
You feel less in control of your magic.
Iridescent scales spread over more of your body.
You hear some strange, mumbled words.
A magic dart appears from out of thin air!
The magic dart hits you.
You completely miss something. Your bite misses something. Something hits you.
* * * LOW HITPOINT WARNING * * *
You feel yourself speed up.
You hear some strange, mumbled words.
A puff of flame appears from out of thin air!
The puff of flame hits you.
* * * LOW HITPOINT WARNING * * *
Something hits you but does no damage.
You bump into the rock wall.
You're too confused to move!
Something hits you but does no damage.
You completely miss something. Something hits you but does no damage.
You bump into the rock wall.
You closely miss something.
You hear some strange, mumbled words.
A puff of flame appears from out of thin air!
The puff of flame hits you!
You die...

..... ..... ..# .####...##
..# . ### .........# ##.##
.# ...
.........###..<###.#######
#.<....... ..............
.........####......#######
#.......{........>##......
####†..@................
.......######..#.......###
.####.# #........##. #..
###.#.#.##### #. #...#.#.#
.. ##.#...#.# ##
#....###.# #..### .. ..
##.## ## #.


There were no monsters in sight!

Vanquished Creatures
  An adder (D:3)
  A dart slug (D:3)
  An endoplasm (D:3)
  A hobgoblin (D:3)
  A quokka (D:3)
  A frilled lizard (D:3)
  A kobold (D:3)
7 creatures vanquished.

Notes
Turn   | Place    | Note
-------+----------+-------------------------------------------
     0 | D:5      | Reached skill level 9 in Stealth
     0 | D:5      | croobank the Gnoll Delver began the quest for the Orb.
     0 | D:5      | Reached XP level 1. HP: 23/23 MP: 1/1
    55 | D:4      | Noticed an ogre
    61 | D:4      | Found Ocsolul's Assorted Antiques.
   156 | D:3      | Reached XP level 2. HP: 29/29 MP: 2/2
   386 | D:3      | Gained mutation: You are strong-willed. (Will+) [potion of
                  | mutation]
   386 | D:3      | Gained mutation: You are partially covered in iridescent
                  | scales. (AC +2) [potion of mutation]
   386 | D:3      | Gained mutation: Your spells are a little harder to cast,
                  | but a little more powerful. [potion of mutation]
   386 | D:3      | Gained mutation: You are mostly covered in iridescent
                  | scales. (AC +4) [potion of mutation]
   394 | D:3      | Killed from afar by an orc wizard

Illustrated notes

Levels and vault maps discovered:
D:3:      layout_rooms, mainiacjoe_overflow_concentric_impassable,
          shapermc_ecumenical_altar_ellora
D:4:      layout_rooms, mainiacjoe_overflow_catwalk, minmay_temple_entry_waves,
          serial_shops, shop, abandoned_shop
D:5:      layout_basic, kennysheep_generic_room_6

Skill      XL: | |
---------------+-+-----
Stealth        | |  9.5
Fighting       | |  6.5
Short Blades   | |  0.5
Long Blades    | |  0.5
Axes           | |  4.5
Maces & Flails | |  0.5
Polearms       | |  0.5
Staves         | |  0.5
Slings         | |  0.5
Bows           | |  0.5
Crossbows      | |  0.5
Throwing       | |  0.5
Armour         | |  0.5
Dodging        | |  4.5
Shields        | |  0.5
Unarmed Combat | |  0.5
Spellcasting   | |  0.5
Conjurations   | |  0.3
Hexes          | |  0.3
Summonings     | |  0.3
Necromancy     | |  0.3
Translocations | |  0.3
Transmutations | |  0.3
Fire Magic     | |  0.3
Ice Magic      | |  0.3
Air Magic      | |  0.3
Earth Magic    | |  0.3
Poison Magic   | |  0.3
Invocations    | |  0.6
Evocations     | |  0.5

Action                   || total
-------------------------++-------
Melee: Hand axe          ||    29
       Bite              ||     2
Evoke: Wand              ||     1
  Use: Scroll            ||     2
       Potion            ||     2
 Stab: Sleeping          ||     2
Armor: Leather armour    ||     6
Dodge: Dodged            ||    13

Table legend: (Time is in decaauts)
 A = Elapsed time spent in this place.
 B = Non-inter-level travel time spent in this place.
 C = Inter-level travel time spent in this place.
 D = Time resting spent in this place.
 E = Time spent auto-exploring this place.
 F = Levels seen in this place.
 G = Mean time per level.
                   A        B        C        D        E       F      G
               +--------+--------+--------+--------+--------+-----+--------+
         Total |    394 |    394 |      0 |    121 |    174 |   3 |  131.3 |
       Dungeon |    394 |    394 |      0 |    121 |    174 |   3 |  131.3 |
               +--------+--------+--------+--------+--------+-----+--------+

Top non-repeatable levels by time:
     D:3: 323 daAuts
     D:5: 47 daAuts
     D:4: 23 daAuts
